 Dungeon Crawl Stone Soup version 0.17.0-28-g6e173f8 (webtiles) character file.

18890 radek the Geomancer (level 12, -1/73 HPs)
             Began as a Gargoyle Earth Elementalist on Nov 24, 2015.
             Was a High Priest of Vehumet.
             Killed from afar by an oklob plant (9 damage)
             ... with a splash of acid
             ... on level 2 of the Lair of Beasts.
             The game lasted 02:01:17 (23746 turns).

radek the Geomancer (Gargoyle Earth Elementalist)  Turns: 23746, Time: 02:01:17

Health: -1/73      AC: 20    Str: 12    XL:     12   Next: 63%
Magic:  41/41      EV: 14    Int: 21    God:    Vehumet [*****.]
Gold:   357        SH:  0    Dex: 10    Spells: 4 memorised, 8 levels left

rFire  . . .     SeeInvis .     e - +0 morningstar
rCold  . . .     Clarity  .     W - +1 robe of Hifyifon {+Inv Regen+ MP+9}
rNeg   + + .     SustAt   .     (no shield)
rPois  ∞         Gourm    .     (no helmet)
rElec  +         Spirit   .     (no cloak)
rCorr  .         Warding  +     (no gloves)
rMut   .         Stasis   .     J - +1 pair of boots
MR     .....                    z - amulet of warding
Stlth  ++........               O - +6 ring of protection
                                R - ring of magical power

@: not resistant to hostile enchantments, unstealthy
A: negative energy resistance 1, electricity resistance, unbreathing,
petrification resistance, rot immunity, AC +8
a: Renounce Religion, Evoke Invisibility


You were on level 2 of the Lair of Beasts.
You worshipped Vehumet.
Vehumet was extremely pleased with you.
You were not hungry.

You visited 3 branches of the dungeon, and saw 14 of its levels.
You also visited: Labyrinth.

You collected 682 gold pieces.
You spent 325 gold pieces at shops.

Inventory:

Hand Weapons
 e - a +0 morningstar (weapon)
 v - the +7 shortbow "Duon" {flame, Int+6}
   (You found it in a labyrinth)

   It causes projectiles fired from it to burn those they strike, causing extra
   injury to most foes and up to half again as much damage against particularly
   susceptible opponents.
   It affects your intelligence (+6).
 Q - a +3 mace
Missiles
 b - 324 stones (quivered)
 g - 21 arrows
Armour
 H - a +2 leather armour of fire resistance
 J - a +1 pair of boots (worn)
 U - a +0 robe of magic resistance
 W - the +1 robe of Hifyifon (worn) {+Inv Regen+ MP+9}
   (You found it in a labyrinth)

   It affects your magic capacity (+9).
   It lets you turn invisible.
   It increases your rate of regeneration.
Rods
 w - a -2 rod of shadows (13/13)
   (You found it on level 1 of the Lair of Beasts)
 y - a +5 rod of clouds (13/13)
   (You found it in a labyrinth)
Jewellery
 h - an uncursed ring of protection from magic
 z - an amulet of warding (around neck)
 K - an uncursed ring of protection from magic
 O - a +6 ring of protection (right hand)
 R - a ring of magical power (left hand)
 Y - the amulet of the Air {Inacc +Fly rElec EV+5 RMsl}
   (You found it in a labyrinth)

   [amulet of inaccuracy]

   It reduces the accuracy of all your attacks.
   It affects your evasion (+5).
   It insulates you from electricity.
   It lets you fly.
   It protects you from missiles.
Scrolls
 a - 3 scrolls of noise {unknown}
 l - 8 scrolls of identify
 m - 2 scrolls of fear {unknown}
 n - 2 scrolls of magic mapping
 A - 2 scrolls of enchant armour
 D - 4 scrolls of teleportation
 G - 4 scrolls of enchant weapon
 N - 4 scrolls of remove curse
 V - 3 scrolls of fog {unknown}
Potions
 d - a potion of degeneration {unknown}
 f - 5 potions of curing
 j - 4 potions of agility
 k - 3 potions of flight {unknown}
 o - 4 potions of might
 r - a potion of cancellation {unknown}
 t - 2 potions of brilliance {unknown}
 x - 3 potions of resistance {unknown}
 B - a potion of invisibility {unknown}
 C - 3 potions of ambrosia {unknown}
 E - 2 potions of mutation {unknown}
 I - 3 potions of poison {unknown}
 L - 3 potions of heal wounds {unknown}
 P - 3 potions of cure mutation {unknown}
Books
 c - a book of Geomancy

   Spells                             Type                      Level
   a - Sandblast                      Earth                        1
   b - Stoneskin                      Transmutation/Earth          2
   c - Passwall                       Transmutation/Earth          3
   d - Stone Arrow                    Conjuration/Earth            3
   e - Petrify                        Transmutation/Earth          4
   f - Lee's Rapid Deconstruction     Earth                        5
 s - a book of Alchemy

   Spells                             Type                      Level
   a - Sublimation of Blood           Necromancy                   2
   b - Ignite Poison                  Fire/Transmutation/Poison    3
   c - Alistair's Intoxication        Transmutation/Poison         4
   d - Condensation Shield            Ice                          4
   e - Petrify                        Transmutation/Earth          4
   f - Irradiate                      Conjuration/Transmutation    5
 F - a book of Transfigurations

   Spells                             Type                      Level
   a - Stoneskin                      Transmutation/Earth          2
   b - Irradiate                      Conjuration/Transmutation    5
   c - Statue Form                    Transmutation/Earth          6
   d - Hydra Form                     Transmutation                6
   e - Dragon Form                    Transmutation                7
 S - a book of Annihilations

   Spells                             Type                      Level
   a - Poison Arrow                   Conjuration/Poison           6
   b - Chain Lightning                Conjuration/Air              8
   c - Lehudib's Crystal Spear        Conjuration/Earth            8
   d - Glaciate                       Conjuration/Ice              9
   e - Fire Storm                     Conjuration/Fire             9
 X - a book of Burglary

   Spells                             Type                      Level
   a - Swiftness                      Charms/Air                   2
   b - Passwall                       Transmutation/Earth          3
   c - Passage of Golubria            Translocation                4
   d - Lee's Rapid Deconstruction     Earth                        5
   e - Darkness                       Hexes                        6
   f - Invisibility                   Hexes                        6
Miscellaneous
 Z - a fan of gales
Comestibles
 i - 12 fruits
 p - 4 meat rations
 q - 2 bread rations
 u - a slice of pizza
 M - 6 beef jerkies
 T - 9 royal jellies


   Skills:
 + Level 7.7 Fighting
 + Level 6.6 Armour
 + Level 5.6 Dodging
 - Level 2.1 Stealth
 + Level 7.8 Spellcasting
 + Level 9.8 Conjurations
   Level 0.7 Transmutations
 * Level 7.3 Fire Magic
 + Level 11.8 Earth Magic


You had 8 spell levels left.
You knew the following spells:

 Your Spells              Type           Power        Failure   Level  Hunger
a - Sandblast             Erth           ######       1%          1    None
b - Stone Arrow           Conj/Erth      ######       1%          3    None
c - Lee's Rapid Deconstr  Erth           ######....   1%          5    #####..
d - Fire Storm            Conj/Fire      #####.....   100%        9    #######


Dungeon Overview and Level Annotations

Branches:
Dungeon (11/15)            Temple (1/1) D:5            Lair (2/8) D:9
    Orc: D:9-12

Altars:
Ashenzari
Cheibriados
Dithmenos
Elyvilon
Fedhas
Gozag
Kikubaaqudgha
Makhleb
Nemelex Xobeh
Okawaru
Qazlal
Ru
Sif Muna
Trog
Vehumet
Xom
Yredelemnul
Zin
The Shining One

Shops:
D:4 *   D:9 !

Annotations:
D:4 Eustachio
Lair:2 exclusion: 2 oklob plants


Innate Abilities, Weirdness & Mutations

You are resistant to torment.
Your stone body is resilient (AC +8).
You are immune to poison.
You resist negative energy.
You are resistant to electric shocks.
You can survive without breathing.
You are immune to petrification.
You are immune to rotting.


Message History

Aim: an oklob plant You throw a stone.
The stone hits the oklob plant but does no damage.
The oklob plant spits acid at you. The splash of acid hits you!
The acid burns!
Throwing (i - inventory):
b - 325 stones (quivered)
Press: ? - help, Shift-Dir - straight line, f/p - oklob plant
Aim: an oklob plant You throw a stone.
The stone hits the oklob plant but does no damage.
The oklob plant spits acid at you. The splash of acid hits you!
The acid burns!
The oklob plant spits acid at you. The splash of acid hits you!
* * * LOW HITPOINT WARNING * * *
The acid burns!
* * * LOW HITPOINT WARNING * * *
The oklob plant spits acid at you. The splash of acid hits you!
You die...

##...PP....# #.........#
#.........###########...'....P.
##.........##P#..##.#...#.....P
###P.....<....................#.#
........................<........
........††.......................
...#.......######################
.................P###PP#
....#...........@##..P####
....#.....#...P.P.....PP..
....+.....##..P.P.PP..PPPP
##.P#......##.#P..P.......
...(.......######.P...###.
###.P##.##.# ..##### ##########
####


You could see 2 oklob plants.

Vanquished Creatures
  A minotaur (Lab)
  Erolcha (D:8)
  A queen ant (Lair:1)
  Sonja (D:10)
  Pikel (D:8)
  Maurice (D:8)
  A black mamba (Lair:2)
  4 spiny frogs
  2 komodo dragons (Lair:2)
  A troll (D:9)
  A deep elf mage (D:7)
  Sigmund (D:5)
  2 hippogriffs (Lair:1)
  A hungry ghost (Lab)
  4 yaks
  Menkaure (D:6)
  21 soldier ants
  2 wargs (D:9)
  2 big kobolds
  4 porcupines
  6 orc warriors
  3 water moccasins
  3 phantoms
  A black bear (D:7)
  2 necrophages (D:7)
  7 ogres
  3 ice beasts
  5 crocodiles
  7 sky beasts
  A wasp (D:9)
  10 centaurs
  15 giant frogs
  An earth elemental (Lab)
  5 scorpions
  4 killer bees (D:9)
  11 wights
  An electric eel (Lair:1)
  A giant frog zombie (D:6)
  2 centaur zombies
  2 jellies
  10 orc wizards
  7 crimson imps
  2 giant frog skeletons
  5 hounds
  11 orc priests
  8 iguanas
  3 gnoll shamans (D:8)
  31 worker ants
  A worker ant zombie (D:5)
  17 gnolls
  17 adders
  5 river rats (Lair:2)
  A shadow imp (D:5)
  4 oozes
  2 adder zombies
  2 adder skeletons
  3 worms
  52 orcs
  7 bats
  8 giant cockroaches
  4 hobgoblins
  14 jackals
  15 kobolds
  5 quokkas
  2 ball pythons
  4 giant geckos
  5 giant newts
  4 goblins
  A quokka skeleton (D:6)
  10 rats
  A fungus (Lair:1)
  3 plants
407 creatures vanquished.

Vanquished Creatures (others)
  2 slaves (D:8)
  A wight (D:8)
  A jelly (D:8)
  A centaur skeleton (D:8)
  2 gnolls (D:8)
  A giant gecko (D:8)
  A giant cockroach (D:8)
  A ball python (D:8)
  5 kobolds (D:8)
  4 fungi
  3 plants
22 creatures vanquished.

Grand Total: 429 creatures vanquished

Notes
Turn   | Place    | Note
--------------------------------------------------------------
     0 | D:1      | radek the Gargoyle Earth Elementalist began the quest for the Orb.
     0 | D:1      | Reached XP level 1. HP: 10/10 MP: 3/3
   313 | D:1      | Reached skill level 4 in Earth Magic
   324 | D:1      | Reached XP level 2. HP: 15/15 MP: 5/5
  1054 | D:1      | Reached XP level 3. HP: 16/19 MP: 6/6
  1618 | D:2      | Learned a level 3 spell: Stone Arrow
  1627 | D:2      | Found an ancient bone altar of Kikubaaqudgha.
  2061 | D:2      | Reached skill level 1 in Conjurations
  2234 | D:2      | Found a shimmering altar of Xom.
  2554 | D:2      | Reached XP level 4. HP: 2/24 MP: 1/7
  2893 | D:3      | Reached skill level 5 in Earth Magic
  4043 | D:4      | Found a white marble altar of Elyvilon.
  4086 | D:4      | Reached XP level 5. HP: 16/28 MP: 5/9
  4704 | D:4      | Found a snail-covered altar of Cheibriados.
  4709 | D:4      | Found Desaek's Assorted Antiques.
  4828 | D:4      | Reached XP level 6. HP: 29/32 MP: 6/10
  5347 | D:4      | Noticed Eustachio
  5530 | D:5      | Entered Level 5 of the Dungeon
  5646 | D:5      | Found a staircase to the Ecumenical Temple.
  5739 | Temple   | Entered the Ecumenical Temple
  5757 | Temple   | Became a worshipper of Vehumet
  5791 | D:5      | Reached skill level 6 in Earth Magic
  5791 | D:5      | Reached XP level 7. HP: 36/36 MP: 2/12
  5884 | D:5      | Noticed Sigmund
  5899 | D:5      | Killed Sigmund
  5899 | D:5      | Reached skill level 5 in Conjurations
  6913 | D:6      | Reached XP level 8. HP: 35/41 MP: 10/14
  7134 | D:6      | Reached skill level 7 in Earth Magic
  7153 | D:6      | Learned a level 5 spell: Lee's Rapid Deconstruction
  7466 | D:6      | Found a glowing golden altar of the Shining One.
  7483 | D:6      | Reached * piety under Vehumet
  7483 | D:6      | Offered knowledge of Freeze by Vehumet.
  7684 | D:6      | Reached skill level 1 in Fighting
  7684 | D:6      | Reached skill level 1 in Armour
  8073 | D:6      | Noticed Menkaure
  8075 | D:6      | Killed Menkaure
  8075 | D:6      | Reached skill level 8 in Earth Magic
  8434 | D:6      | Reached XP level 9. HP: 48/48 MP: 4/16
  8683 | D:7      | Reached skill level 5 in Spellcasting
  9191 | D:7      | Reached skill level 9 in Earth Magic
  9363 | D:7      | Reached ** piety under Vehumet
  9363 | D:7      | Offered knowledge of Throw Frost by Vehumet.
 10434 | D:8      | Noticed Pikel
 10460 | D:8      | Killed Pikel
 10460 | D:8      | Reached skill level 10 in Earth Magic
 10460 | D:8      | Reached XP level 10. HP: 57/57 MP: 5/18
 10481 | D:8      | Noticed Erolcha
 10483 | D:8      | Noticed Maurice
 10779 | D:8      | Killed Erolcha
 10885 | D:8      | Learned a level 9 spell: Fire Storm
 10913 | D:8      | Offered knowledge of Static Discharge by Vehumet.
 10969 | D:8      | Killed Maurice
 10969 | D:8      | Reached skill level 1 in Fire Magic
 11367 | D:8      | Reached skill level 5 in Fighting
 11427 | D:8      | Reached *** piety under Vehumet
 12420 | D:8      | Reached skill level 5 in Armour
 12832 | D:9      | Offered knowledge of Iskenderun's Mystic Blast by Vehumet.
 12832 | D:9      | Reached XP level 11. HP: 64/64 MP: 3/20
 13244 | D:9      | Found a staircase to the Lair.
 13470 | D:9      | Reached skill level 11 in Earth Magic
 13553 | D:9      | Found Kiusem's Distillery.
 13566 | D:9      | Bought a potion of lignification for 39 gold pieces
 13566 | D:9      | Bought a potion of haste for 130 gold pieces
 13566 | D:9      | Bought 2 potions of might for 104 gold pieces
 13566 | D:9      | Bought a potion of agility for 52 gold pieces
 13746 | D:9      | Reached **** piety under Vehumet
 14113 | D:9      | Offered knowledge of Sticky Flame by Vehumet.
 15134 | D:10     | Entered Level 10 of the Dungeon
 15614 | D:10     | Noticed Sonja
 15678 | D:10     | Killed Sonja
 16330 | D:10     | Reached skill level 5 in Dodging
 16330 | D:10     | Reached skill level 5 in Fire Magic
 16331 | D:10     | Reached ***** piety under Vehumet
 16484 | D:10     | Offered knowledge of Bolt of Magma by Vehumet.
 16872 | Lair:1   | Entered Level 1 of the Lair of Beasts
 16931 | Lair:1   | Found a labyrinth entrance.
 17014 | Lab      | Entered a labyrinth
 17582 | Lab      | Noticed a minotaur
 17587 | Lab      | Killed a minotaur
 17610 | Lab      | Got a bound bronze ring
 17623 | Lab      | Identified a -2 rod of shadows (13/13) (You found it on level 1 of the Lair of Beasts)
 17645 | Lab      | Identified the ring of Wier {rPois rC+} (You found it in a labyrinth)
 18092 | Lab      | Identified a +5 rod of shadows (13/13) (You found it in a labyrinth)
 18139 | Lab      | Got a jewelled shadow dragon armour
 18150 | Lab      | Identified the +5 shadow dragon armour "Pufre" {rF++ MP+9 Slay-3 SInv Stlth++++} (You found it in a labyrinth)
 18162 | Lab      | Identified a +5 rod of clouds (13/13) (You found it in a labyrinth)
 18178 | Lab      | Got a smoking robe
 18184 | Lab      | Identified the +1 robe of Hifyifon {+Inv Regen+ MP+9} (You found it in a labyrinth)
 18214 | Lab      | Got a slimy shortbow
 18215 | Lab      | Identified the +7 shortbow "Duon" {flame, Int+6} (You found it in a labyrinth)
 21210 | Lair:1   | Reached XP level 12. HP: 71/71 MP: 23/23
 22315 | Lair:1   | Noticed a queen ant
 22323 | Lair:1   | Killed a queen ant
 23746 | Lair:2   | Killed from afar by an oklob plant

Action                   |  1- 3 |  4- 6 |  7- 9 | 10-12 || total
-------------------------+-------+-------+-------+-------++-------
Melee: Club              |   327 |       |       |       ||   327
       Unarmed           |     1 |       |       |       ||     1
       Flail             |       |   109 |    27 |       ||   136
       Short sword       |       |    17 |   101 |       ||   118
       Morningstar       |       |       |    28 |   131 ||   159
       Mace              |       |       |       |     7 ||     7
 Fire: Shortbow          |       |       |       |    21 ||    21
Throw: Stone             |       |       |       |     4 ||     4
 Cast: Sandblast         |    26 |    30 |    15 |     2 ||    73
       Stone Arrow       |       |    25 |   121 |   352 ||   498
       Lee's Rapid Decon |       |       |     7 |    51 ||    58
Evoke: Rod               |       |       |       |     3 ||     3
  Use: Scroll            |       |       |     5 |     4 ||     9
 Stab: Sleeping          |     5 |     3 |     2 |       ||    10
       Distracted        |       |     1 |       |       ||     1
  Eat: Chunk             |     5 |     8 |    20 |    25 ||    58
       Bread ration      |       |     1 |     1 |     5 ||     7
       Fruit             |       |       |       |     1 ||     1
       Meat ration       |       |       |       |     3 ||     3
